 Dungeon Crawl Stone Soup version 0.32-a0-705-g60f233581c (webtiles) character file.

Game seed: 5691909542566960992

113 shadizar the Magician (level 5, -4/35 HPs)
             Began as a Djinni Air Elementalist on Mar 14, 2024.
             Slain by a gnoll
             ... wielding a +0 whip
              (8 damage)
             ... on level 3 of the Dungeon.
             The game lasted 00:01:52 (2148 turns).

shadizar the Magician (Djinni Air Elementalist)     Turns: 2148, Time: 00:01:52

Health: -4/35      AC:  2    Str:  7    XL:     5   Next: 17%
Gold:   114        EV: 11    Int: 19    God:
                   SH:  0    Dex: 13

rFire   + + .        (no weapon)
rCold   x . .        (no shield)
rNeg    . . .        a - +0 robe
rPois   ∞            (no helmet)
rElec   .            (no cloak)
rCorr   .            (no gloves)
SInv    .            (boots unavailable)
Will    .....        (no amulet)
Stlth   ++           (no ring)
HPRegen 0.25/turn    (no ring)
MPRegen 0.00/turn

%: infuse magic (-5 HP)
@: flying
A: sickness immunity, fire resistance 2, cold vulnerability 1, float, innate
caster, HP casting, extra vitality 1
a: no special abilities


You were on level 3 of the Dungeon.
You visited 1 branch of the dungeon, and saw 4 of its levels.

You collected 114 gold pieces.

Inventory:

Armour
 a - a +0 robe (worn)
Scrolls
 b - 2 scrolls of amnesia {unknown}
 f - a scroll of identify {unknown}
 g - a scroll of fog {unknown}
 h - a scroll of enchant armour {unknown}
Potions
 c - 2 potions of brilliance {unknown}
 d - a potion of degeneration {unknown}
 e - a potion of lignification {unknown}
 i - a potion of curing {unknown}


   Skills:
 - Level 2.1 Dodging
 - Level 1.5 Stealth
 + Level 4.7 Spellcasting
 + Level 4.7 Conjurations
 + Level 4.7 Hexes
 + Level 4.7 Summonings
 + Level 4.7 Necromancy
 + Level 4.7 Translocations
 + Level 4.7 Fire Magic
 + Level 4.7 Ice Magic
 + Level 4.7 Air Magic
 + Level 4.7 Earth Magic
 + Level 4.7 Alchemy


You knew the following spells:

 Your Spells              Type           Power      Damage    Failure   Level
a - Shock                 Conj/Air       88%        1d8       1%          1
b - Static Discharge      Conj/Air       44%        3-5/arc   2%          2
c - Swiftness             Air            22%        N/A       5%          3
d - Airstrike             Air            11%        2d(2-18)  19%         4
e - Necrotise             Necr           88%        1d8       1%          1
f - Call Imp              Summ           44%        N/A       2%          2
Your spell library was empty.

Dungeon Overview and Level Annotations

Branches:
Dungeon (4/15)
 Temple: D:4-7

Altars:
Cheibriados
Fedhas
Gozag
Trog
Xom


Innate Abilities, Weirdness & Mutations

You are immune to sickness and miasma.
You are immune to poison.
Your flesh is very heat resistant. (rF++)
You are vulnerable to cold. (rC-)
You float through the air rather than walking.
You learn spells naturally, not from books.
Your magical power is your life essence.
You have superior vitality. (+4 MHP)


Message History

An endoplasm comes into view.
There are monsters nearby!
The zap hits the gnoll.
The gnoll is almost dead.
The zap misses the gnoll.
The endoplasm quivers.
Unknown command.
Casting: Shock (safe; 1% risk of failure)
Confirm with . or Enter, or press ? or * to list all spells.
Okay, then.
The zap hits the gnoll!
You kill the gnoll!
The zap hits the gnoll but does no damage.
The gnoll hits you but does no damage.
The gnoll hits you from afar with a +0 halberd.
An endoplasm comes into view.
The zap hits the gnoll.
The gnoll is lightly wounded.
A scorpion comes into view.
The gnoll hits you from afar with a +0 spear.
The gnoll hits you from afar with a +0 halberd.
The gnoll hits you from afar with a +0 spear.
The gnoll closely misses you.
The gnoll hits you from afar with a +0 halberd!
* * * LOW HITPOINT WARNING * * *
You fly upwards.
There is a stone staircase leading down here.
Unknown command.
You are too injured to fight recklessly!
Casting: Shock (safe; 1% risk of failure)
Confirm with . or Enter, or press ? or * to list all spells.
Aiming: Shock (safe; 1% risk of failure)
Press: ? - help, Shift-Dir - straight line The zap hits the gnoll.
The gnoll is heavily wounded.
The zap hits the gnoll.
The gnoll is severely wounded.
* * * LOW HITPOINT WARNING * * *
The gnoll hits you with a +0 whip!
You die...

.##.....#...#.###.##
....##....#........#
.#####....###......#
.....#.............###
.###......###.#...†..###
## ###........#....#...#
# #....##..#........###
######...#....###...###
#######.#...@..# #.....#
#.........#g...#######.#
#####.§.......#...).#
###
#......§...>..###...##
....≈≈≈.......# ###..#
##.§≈≈≈§.)....# ####
#.≈≈_≈≈......#
#.≈≈.≈≈......#
##.≈≈.≈≈......#


You could see a gnoll.

Vanquished Creatures
  A gnoll (D:4)
  2 adders (D:2)
  3 ribbon worms
  4 dart slugs
  An orc (D:3)
  6 endoplasms
  2 giant cockroaches
  5 goblins
  6 hobgoblins
  2 jackals (D:2)
  10 kobolds
  2 quokkas (D:1)
  6 ball pythons
  7 bats
  A frilled lizard (D:2)
  3 rats
  A butterfly (D:3)
62 creatures vanquished.

Notes
Turn   | Place    | Note
-------+----------+-------------------------------------------
     0 | D:1      | shadizar the Djinni Air Elementalist began the quest for
                  | the Orb.
     0 | D:1      | shadizar set off with the following spells memorised:
                  | Shock, Static Discharge, Swiftness, Airstrike.
     0 | D:1      | Reached XP level 1. HP: 15/15 MP: 0/0
    75 | D:1      | Reached XP level 2. HP: 17/21 MP: 0/0
   273 | D:1      | Found a faded altar of an unknown god.
   299 | D:1      | Reached XP level 3. HP: 20/25 MP: 0/0
   299 | D:1      | Learned a level 1 spell: Necrotise
   981 | D:2      | Reached XP level 4. HP: 29/31 MP: 0/0
  1839 | D:3      | Found a bloodstained altar of Trog.
  1933 | D:3      | Found a shimmering altar of Xom.
  1939 | D:3      | Reached XP level 5. HP: 31/35 MP: 0/0
  1939 | D:3      | Learned a level 2 spell: Call Imp
  2035 | D:3      | Found a blossoming altar of Fedhas.
  2038 | D:3      | Found a snail-covered altar of Cheibriados.
  2042 | D:3      | Found an opulent altar of Gozag.
  2148 | D:3      | Slain by a gnoll

Illustrated notes

Levels and vault maps discovered:
D:1:      dpeg_arrival_refuge, layout_basic,
          hellmonk_ecumenical_altar_crossroads, nicolae_twisty_statue_hallways
D:2:      layout_basic, serial_bayou_pond_e
D:3:      layout_rooms, xom_butterflies, mainiacjoe_overflow_catwalk,
          grunt_temple_overflow_diamond
D:4:      layout_basic

Skill      XL: |  1  2  3 |
---------------+----------+-----
Spellcasting   | 4 |  4.7
Conjurations   | 4 |  4.7
Hexes          | 4 |  4.7
Summonings     | 4 |  4.7
Necromancy     | 4 |  4.7
Translocations | 4 |  4.7
Fire Magic     | 4 |  4.7
Ice Magic      | 4 |  4.7
Air Magic      | 4 |  4.7
Earth Magic    | 4 |  4.7
Alchemy        | 4 |  4.7
Dodging        | |  2.1
Stealth        | |  1.5

Action                     |  1- 3 |  4- 6 || total
---------------------------+-------+-------++-------
  Melee: Unarmed           |       |     1 ||     1
   Cast: Shock             |    70 |    80 ||   150
 Armour: Robe              |     9 |     8 ||    17
  Dodge: Dodged            |     6 |     5 ||    11

Table legend: (Time is in decaauts)
 A = Elapsed time spent in this place.
 B = Non-inter-level travel time spent in this place.
 C = Inter-level travel time spent in this place.
 D = Time resting spent in this place.
 E = Time spent auto-exploring this place.
 F = Levels seen in this place.
 G = Mean time per level.
                   A        B        C        D        E       F      G
               +--------+--------+--------+--------+--------+-----+--------+
         Total |   2147 |   2119 |     28 |      0 |   1865 |   4 |  536.8 |
       Dungeon |   2147 |   2119 |     28 |      0 |   1865 |   4 |  536.8 |
               +--------+--------+--------+--------+--------+-----+--------+

Top non-repeatable levels by time:
     D:1: 811 daAuts
     D:2: 768 daAuts
     D:3: 561 daAuts
     D:4: 6 daAuts
